 Dungeon Sprint DCSS version 0.26-a0-851-g735459dd53 (webtiles) character file.

Game seed: 7718515482041579321

8465 Conn the Arsonist (level 11, -6/72 HPs)
             Began as an Octopode Fire Elementalist on Nov 21, 2020.
             Was the Champion of Vehumet.
             Mangled by an emperor scorpion (12 damage)
             ... in the Dungeon (Sprint VII: "The Pits").
             The game lasted 00:34:37 (2758 turns).

Conn the Arsonist (Octopode Fire Elementalist)      Turns: 2758, Time: 00:34:39

Health: -6/72      AC:  4    Str:  7    XL:     11   Next: 31%
Magic:  14/26      EV: 16    Int: 23    God:    Vehumet [******]
Gold:   0          SH:  0    Dex: 14    Spells: 1/32 levels left

rFire    + . .     SeeInvis +   s - +2 war axe of Momucruo {pain, rF+ MR++ SInv Stlth-}
rCold    . . .     Faith    .   (no shield)
rNeg     . . .     Spirit   .   (helmet restricted)
rPois    .         Reflect  .   (no amulet)
rElec    .         Harm     .   o - +3 ring of intelligence
rCorr    .         Rampage  .   p - +3 ring of protection
MR       ++...     NoTele   +   (no ring)
Stlth    +++++.....             (no ring)
HPRegen  0.22/turn              (no ring)
MPRegen  0.20/turn              (no ring)
                                (no ring)
                                (no ring)

@: lethally poisoned (-6 -> -75)
A: almost no armour, stealthy swim, amphibious, 8 rings, constrict 8, camouflage
1, gelatinous body 1
a: Renounce Religion


You were in the Dungeon.
You worshipped Vehumet.
Vehumet was exalted by your worship.
You visited 1 branch

Inventory:

Hand Weapons
 a - a +2 dagger
 l - a +2 dagger of draining
 n - a +2 short sword of protection
 s - the +2 war axe of Momucruo (weapon) {pain, rF+ MR++ SInv Stlth-}
   (You found it in the Dungeon)

   In the hands of one skilled in necromantic magic, it inflicts extra damage on
   living creatures.
   It protects you from fire.
   It affects your resistance to hostile enchantments.
   It lets you see invisible.
   It makes you less stealthy.
Missiles
 t - 7 silver javelins (quivered)
Jewellery
 o - a +3 ring of intelligence (left tentacle)
 p - a +3 ring of protection (right tentacle)
Wands
 g - a wand of random effects (6)
 m - a wand of polymorph (5)
Scrolls
 i - 3 scrolls of remove curse
 j - 4 scrolls of amnesia
 k - a scroll of summoning
Potions
 b - 6 potions of curing
 c - a potion of heal wounds
 e - 2 potions of magic
 f - 4 potions of berserk rage
 h - a potion of invisibility
 q - 2 potions of might
 r - 3 potions of mutation


   Skills:
 + Level 5.7 Fighting
 + Level 7.7 Short Blades
 + Level 2.1 Axes
 + Level 5.9 Dodging
 + Level 10.9 Stealth
 + Level 11.2 Spellcasting
 + Level 13.6 Conjurations
 + Level 1.9 Hexes
 + Level 13.7 Fire Magic
 + Level 5.8 Air Magic
 * Level 0.9 Earth Magic


You had one spell level left.
You knew the following spells:

 Your Spells              Type           Power        Failure   Level
a - Foxfire               Conj/Fire      ####         0%          1
b - Shock                 Conj/Air       ####         1%          1
c - Conjure Flame         Conj/Fire      ######..     1%          3
d - Sticky Flame          Conj/Fire      ######..     1%          4
e - Inner Flame           Hex/Fire       #####...     1%          3
f - Fireball              Conj/Fire      ######....   1%          5
g - Ignite Poison         Fire/Tmut/Pois ####....     1%          3
h - Iron Shot             Conj/Erth      #####.....   11%         6
i - Lightning Bolt        Conj/Air       ######....   1%          5

Your spell library contained the following spells:

 Spells                   Type           Power        Failure   Level
 Yara's Violent Unravell  Hex/Tmut       ###.......   24%         5


Dungeon Overview and Level Annotations

Branches:
Dungeon (1/1)

Altars:
Ashenzari
Cheibriados
Dithmenos
Elyvilon
Fedhas
Gozag
Hepliaklqana
Kikubaaqudgha
Makhleb
Nemelex Xobeh
Okawaru
Qazlal
Ru
Sif Muna
Trog
Uskayaw
Vehumet
Wu Jian
Xom
Yredelemnul
Zin
The Shining One
Beogh
Jiyva
Lugonu


Innate Abilities, Weirdness & Mutations

You cannot wear most types of armour.
You are very stealthy in the water. (Stealth+)
You are amphibious.
You can wear up to eight rings at the same time.
You can use your tentacles to constrict eight enemies at once.
Your skin changes colour to match your surroundings (Stealth+).
Your rubbery body absorbs attacks. (AC +1, EV +1)


Message History

Aiming: Sticky Flame (safe; 1% risk of failure)
Press: ? - help, Shift-Dir - straight line, f/p - emperor scorpion
Aim: an emperor scorpion (moderately wounded)
The sticky flame hits the emperor scorpion.
The emperor scorpion is moderately wounded.
The emperor scorpion is covered in liquid flames!
You feel very sick.
The emperor scorpion burns!
The emperor scorpion stings you!!
You are lethally poisoned!
The emperor scorpion poisons you! The emperor scorpion claws you!
* * * LOW HITPOINT WARNING * * *
The emperor scorpion claws you!
* * * LOW HITPOINT WARNING * * *
You feel much better.
You feel very sick.
The emperor scorpion burns!
The emperor scorpion stings you!!
* * * LOW HITPOINT WARNING * * *
The emperor scorpion closely misses you.
The emperor scorpion claws you!
You die...

############ #_________.#
#_________.#
#_______...###########++######
##########'##................#
#.?(.')))'.##......#..#......#
##########.##................+
#...........'...@s...........+
#'#####'#####......#W.#......#
#.#[[#.....##................#
#.#.)#####)#####'#####''######
#.#))#.....##.......##''#########
#.#))#.....##.......##.))[..'..'.
#.#..###)####.......##...W..'..'.
#.##'#.....##...<...##.....##W)##
#.#......†.##.......##...###..W.#


You could see an emperor scorpion (burning) and a wraith.

Vanquished Creatures
  Urug (D)
  3 sea snakes (D)
  A deep troll (D)
  Pikel (D)
  A deep elf mage (D)
  A cane toad (D)
  4 kobold demonologists (D)
  A freezing wraith (D)
  A hellwing (D)
  A hornet (D)
  A jumping spider (D)
  A tyrant leech (D)
  5 dream sheep (D)
  2 ynoxinuls (D)
  A tarantella (D)
  A warg (D)
  A water moccasin (D)
  A floating eye (D)
  Purgy (D)
  A swamp drake (D)
  A sky beast (D)
  An ice beast (D)
  A centaur (D)
  3 lemures (D)
  2 big kobolds (D)
  A bullfrog (D)
  A quasit (D)
  2 crimson imps (D)
  A hound (D)
  An orc priest (D)
  A worker ant (D)
  Terence (D)
  An adder (D)
  An ooze (D)
  A worm (D)
  2 orcs (D)
  A ball python (D)
  A bat (D)
  A giant cockroach (D)
  A hobgoblin (D)
  6 jackals (D)
  5 kobolds (D)
  A rat (D)
67 creatures vanquished.

Vanquished Creatures (others)
  81 foxfires (D)
81 creatures vanquished.

Grand Total: 148 creatures vanquished

Notes
Turn   | Place    | Note
-------+----------+-------------------------------------------
     0 | D        | Conn the Octopode Fire Elementalist began the quest for the
                  | Orb.
     0 | D        | Reached XP level 1. HP: 11/11 MP: 3/3
    49 | D        | Found a bloodstained altar of Trog.
    49 | D        | Found a shimmering blue altar of Sif Muna.
    49 | D        | Found a viscous altar of Jiyva.
    49 | D        | Found a hazy altar of Hepliaklqana.
    49 | D        | Found an opulent altar of Gozag.
    50 | D        | Found a glowing golden altar of the Shining One.
    50 | D        | Found a glowing silver altar of Zin.
    50 | D        | Found a basalt altar of Yredelemnul.
    50 | D        | Found a shimmering altar of Xom.
    50 | D        | Found an ornate altar of the Wu Jian Council.
    50 | D        | Found a sacrificial altar of Ru.
    50 | D        | Found a stormy altar of Qazlal.
    50 | D        | Found an iron altar of Okawaru.
    50 | D        | Found a sparkling altar of Nemelex Xobeh.
    50 | D        | Found a burning altar of Makhleb.
    50 | D        | Found a blossoming altar of Fedhas.
    50 | D        | Found a white marble altar of Elyvilon.
    50 | D        | Found a shadowy altar of Dithmenos.
    50 | D        | Found a snail-covered altar of Cheibriados.
    51 | D        | Found a radiant altar of Vehumet.
    51 | D        | Found a corrupted altar of Lugonu.
    51 | D        | Found a roughly hewn altar of Beogh.
    52 | D        | Found a hide-covered altar of Uskayaw.
    52 | D        | Found an ancient bone altar of Kikubaaqudgha.
    52 | D        | Found a broken altar of Ashenzari.
    59 | D        | Became a worshipper of Vehumet
   114 | D        | Reached XP level 2. HP: 13/17 MP: 5/5
   116 | D        | Reached * piety under Vehumet
   116 | D        | Offered knowledge of Shock by Vehumet.
   276 | D        | Learned a level 1 spell: Shock
   277 | D        | Noticed a floating eye
   280 | D        | Offered knowledge of Sandblast by Vehumet.
   280 | D        | Reached ** piety under Vehumet
   280 | D        | Paralysed by a floating eye for 3 turns
   281 | D        | Reached skill level 5 in Fire Magic
   284 | D        | Killed a floating eye
   285 | D        | Reached skill level 1 in Fighting
   285 | D        | Reached XP level 3. HP: 19/23 MP: 5/8
   285 | D        | Reached XP level 4. HP: 24/28 MP: 6/10
   285 | D        | Reached XP level 5. HP: 28/33 MP: 6/11
   329 | D        | Learned a level 3 spell: Conjure Flame
   334 | D        | Learned a level 4 spell: Sticky Flame
   338 | D        | Learned a level 3 spell: Inner Flame
   339 | D        | Noticed a centaur
   350 | D        | Killed a centaur
   351 | D        | Reached skill level 5 in Stealth
   354 | D        | Reached *** piety under Vehumet
   371 | D        | Reached XP level 6. HP: 28/39 MP: 11/13
   478 | D        | Noticed Pikel
   485 | D        | Offered knowledge of Static Discharge by Vehumet.
   486 | D        | Reached **** piety under Vehumet
   486 | D        | Noticed a sky beast
   489 | D        | Killed Pikel
   490 | D        | Reached skill level 5 in Spellcasting
   490 | D        | Reached skill level 5 in Conjurations
   490 | D        | Reached skill level 1 in Hexes
   490 | D        | Reached skill level 10 in Fire Magic
   490 | D        | Reached XP level 7. HP: 45/45 MP: 4/15
   494 | D        | Reached skill level 5 in Dodging
   669 | D        | Offered knowledge of Olgreb's Toxic Radiance by Vehumet.
   670 | D        | Reached skill level 5 in Short Blades
   803 | D        | Learned a level 5 spell: Fireball
   804 | D        | Noticed a freezing wraith
   808 | D        | HP: 1/46 [freezing wraith (23)]
   824 | D        | Killed a freezing wraith
   824 | D        | Reached ***** piety under Vehumet
   825 | D        | Reached XP level 8. HP: 4/52 MP: 8/17
  1123 | D        | Noticed Terence
  1125 | D        | Killed Terence
  1125 | D        | Offered knowledge of Ignite Poison by Vehumet.
  1152 | D        | Learned a level 3 spell: Ignite Poison
  1157 | D        | Noticed Purgy
  1157 | D        | Noticed a dream sheep
  1157 | D        | Noticed a dream sheep
  1157 | D        | Noticed a dream sheep
  1157 | D        | Noticed a dream sheep
  1158 | D        | Offered knowledge of Yara's Violent Unravelling by Vehumet.
  1158 | D        | Noticed a kobold demonologist
  1159 | D        | Killed a dream sheep
  1159 | D        | Noticed a kobold demonologist
  1159 | D        | Noticed a dream sheep
  1160 | D        | Reached skill level 5 in Air Magic
  1160 | D        | Noticed an orange demon
  1160 | D        | Killed a dream sheep
  1160 | D        | Killed a dream sheep
  1160 | D        | Killed a dream sheep
  1161 | D        | Reached XP level 9. HP: 58/58 MP: 16/20
  1161 | D        | Noticed a kobold demonologist
  1161 | D        | Killed a kobold demonologist
  1163 | D        | Killed a kobold demonologist
  1163 | D        | Reached ****** piety under Vehumet
  1163 | D        | Killed Purgy
  1163 | D        | Killed a kobold demonologist
  1165 | D        | Reached skill level 10 in Stealth
  1165 | D        | Reached skill level 10 in Conjurations
  1217 | D        | Learned a level 5 spell: Yara's Violent Unravelling
  1273 | D        | Got the +2 war axe of Momucruo {pain, rF+ MR++ SInv Stlth-}
  1339 | D        | Offered knowledge of Ozocubu's Refrigeration by Vehumet.
  1343 | D        | Reached XP level 10. HP: 65/65 MP: 10/22
  1435 | D        | Noticed a deep elf mage
  1442 | D        | Killed a deep elf mage
  1447 | D        | Noticed Urug
  1580 | D        | Noticed a sea snake
  1600 | D        | Killed a sea snake
  1636 | D        | Offered knowledge of Lightning Bolt by Vehumet.
  1780 | D        | Killed Urug
  1781 | D        | Reached skill level 10 in Spellcasting
  1892 | D        | Noticed a sea snake
  1893 | D        | Noticed a cane toad
  1904 | D        | Killed a sea snake
  1905 | D        | Reached skill level 5 in Fighting
  1905 | D        | Reached skill level 1 in Axes
  1906 | D        | Killed a cane toad
  1907 | D        | Reached XP level 11. HP: 39/71 MP: 8/25
  2041 | D        | Learned a level 5 spell: Lightning Bolt
  2068 | D        | Noticed a deep troll
  2070 | D        | Noticed a sea snake
  2226 | D        | Killed a sea snake
  2226 | D        | Offered knowledge of Iron Shot by Vehumet.
  2315 | D        | Killed a deep troll
  2623 | D        | Learned a level 6 spell: Iron Shot
  2624 | D        | Noticed an emperor scorpion
  2758 | D        | Mangled by an emperor scorpion

Illustrated notes

Levels and vault maps discovered:
D:        pitsprint [storerooms_1, entrance_room_1, metal_vault_4, armoury_1,
          mini_pit_1, grid_room_1, main_hall_1, silver_pit, the_coven_1,
          the_vestibule_1, steel_vault_1, golden_pit, hallway_of_sentries,
          crystal_vault_3, iron_vault_1, final_vault]

Skill      XL: |  1  2  3  4  5  6  7  8  9 10 11 |
---------------+----------------------------------+-----
Stealth        | 3 4 5 6 7 9 10 | 10.9
Fire Magic     | 4 7 8 10 11 12 13 | 13.7
Fighting       | 1 2 3 4 5 |  5.7
Short Blades   | 2 4 5 6 7 |  7.7
Dodging        | 3 4 5 |  5.9
Spellcasting   | 4 5 6 7 8 10 11 | 11.2
Conjurations   | 3 5 6 8 10 12 13 | 13.6
Hexes          | 1 |  1.9
Air Magic      | 4 5 |  5.8
Axes           | 1 2 |  2.1
Earth Magic    | |  0.9

Action                   |  1- 3 |  4- 6 |  7- 9 | 10-12 || total
-------------------------+-------+-------+-------+-------++-------
Melee: Dagger            |    10 |    17 |    10 |       ||    37
       Constrict         |     2 |     3 |     3 |     3 ||    11
       Tentacles         |     1 |     5 |     2 |     1 ||     9
       War axe           |       |       |       |    11 ||    11
Throw: Javelin           |       |       |       |     1 ||     1
 Cast: Foxfire           |     5 |     4 |     8 |    33 ||    50
       Shock             |       |     5 |     6 |       ||    11
       Conjure Flame     |       |     2 |     2 |     4 ||     8
       Inner Flame       |       |     1 |       |       ||     1
       Fireball          |       |       |    12 |    25 ||    37
       Sticky Flame      |       |       |     2 |     8 ||    10
  Use: Potion            |     1 |     1 |     1 |    10 ||    13
       Scroll            |       |       |     1 |     1 ||     2
 Stab: Invisible         |       |     1 |       |       ||     1
       Sleeping          |       |       |     3 |       ||     3
Armor: Skin              |       |       |     2 |     9 ||    11
Dodge: Dodged            |     3 |    12 |    15 |    32 ||    62

Table legend: (Time is in decaauts)
 A = Elapsed time spent in this place.
 B = Non-inter-level travel time spent in this place.
 C = Inter-level travel time spent in this place.
 D = Time resting spent in this place.
 E = Time spent auto-exploring this place.
 F = Levels seen in this place.
 G = Mean time per level.
                   A        B        C        D        E       F      G
               +--------+--------+--------+--------+--------+-----+--------+
         Total |   2750 |   2750 |      0 |   1455 |      0 |   1 | 2750.0 |
       Dungeon |   2750 |   2750 |      0 |   1455 |      0 |   1 | 2750.0 |
               +--------+--------+--------+--------+--------+-----+--------+

Top non-repeatable levels by time:
       D: 2750 daAuts
